 Dungeon Crawl Stone Soup version 0.27-a0-920-gb2bd10914a (webtiles) character file.

Game seed: 13005495239323262850

0 mhtbhm the Skirmisher (level 1, -3/21 HPs)
             Began as a Gargoyle Berserker on Apr 9, 2021.
             Was a Follower of Trog.
             Slain by a gnoll
             ... wielding a +0 spear
              (6 damage)
             ... on level 1 of the Dungeon.
             The game lasted 00:00:04 (84 turns).

mhtbhm the Skirmisher (Gargoyle Berserker)            Turns: 84, Time: 00:00:05

Health: -3/21      AC:  4    Str: 20    XL:     1   Next: 10%
Magic:  1/1        EV: 11    Int:  7    God:    Trog [*.....]
Gold:   4          SH:  0    Dex:  9    Spells: 0/0 levels left

rFire    . . .     SeeInvis .   a - +0 mace
rCold    . . .     Faith    .   (no shield)
rNeg     + . .     Spirit   .   b - +0 animal skin
rPois    ∞         Reflect  .   (no helmet)
rElec    +         Harm     .   (no cloak)
rCorr    .         Rampage  .   (no gloves)
Will     .....                  (no boots)
Stlth    ..........             (no amulet)
HPRegen  0.07/turn              (no ring)
MPRegen  0.07/turn              (no ring)

@: berserking, very quick
A: AC +2, negative energy resistance 1, electricity resistance, torment
resistance 1, unbreathing 1, petrification resistance
a: Renounce Religion, Berserk


You were on level 1 of the Dungeon.
You worshipped Trog.
Trog was aware of your devotion.
You visited 1 branch of the dungeon, and saw 1 of its levels.

You collected 4 gold pieces.

Inventory:

Hand Weapons
 a - a +0 mace (weapon)
Armour
 b - a +0 animal skin (worn)
Scrolls
 c - a scroll of noise {unknown}
 d - a scroll of teleportation {unknown}


   Skills:
 + Level 3.3 Fighting
 + Level 3.0 Maces & Flails
 + Level 2.2 Armour
 + Level 1.5 Dodging


You couldn't memorise any spells.
You didn't know any spells.
Your spell library was empty.

Dungeon Overview and Level Annotations

Branches:
Dungeon (1/15)

Altars:


Innate Abilities, Weirdness & Mutations

Your stone body is resilient. (AC +2)
You are immune to poison.
You resist negative energy. (rN+)
You are resistant to electric shocks. (rElec)
You are resistant to unholy torment.
You can survive without breathing.
You are immune to petrification.


Message History

A gnoll comes into view. It is wielding a +0 spear.
The gnoll shouts!
A gnoll is nearby!
A rat comes into view.
The gnoll hits you with a +0 spear.
You barely miss the gnoll. The gnoll closely misses you.
You hit the gnoll.
The gnoll is moderately wounded.
The gnoll hits you but does no damage. The rat misses you.
You hit the gnoll.
The gnoll is heavily wounded.
The gnoll closely misses you. The rat barely misses you.
The gnoll closely misses you. The rat barely misses you.
You hit the gnoll.
The gnoll is almost dead.
The gnoll hits you with a +0 spear.
The rat twitches its whiskers.
The rat barely misses you.
You barely miss the gnoll.
The gnoll is almost dead.
The gnoll hits you with a +0 spear!
Ouch! That really hurt!
* * * LOW HITPOINT WARNING * * *
The rat closely misses you.
You are too injured to fight recklessly!
You are too injured to fight recklessly!
You are too injured to fight recklessly!
You are too injured to fight recklessly!
You are too injured to fight recklessly!
You are too injured to fight recklessly!
You are too injured to fight recklessly!
You are too injured to fight recklessly!
You are too injured to fight recklessly!
You are too injured to fight recklessly!
You are too injured to fight recklessly!
You are too injured to fight recklessly!
A red film seems to cover your vision as you go berserk!
You feel yourself moving faster!
You feel mighty! The gnoll hits you with a +0 spear.
You die...

...............
(....#...####..
...♣♣♣...♣♣♣#.. .#
..♣♣.......♣♣..# ..#
.♣♣.........♣♣.. ..#
.♣....♣.♣....♣.. ..# #
#♣.....⌠.....♣..##..##..
#♣...♣.♣....♣.rg.......
♣..........♣♣.#@...#
#♣<.#♣.....♣♣.......#
.#♣♣♣♣♣♣♣♣♣♣........# .#
###.##.#.# .# #......#
.# ######.### .#
#...##.# .# #.#....#
.###########...####


You could see a gnoll and a rat.

Vanquished Creatures
  A frilled lizard (D:1)
1 creature vanquished.

Notes
Turn   | Place    | Note
-------+----------+-------------------------------------------
     0 | D:1      | mhtbhm the Gargoyle Berserker began the quest for the Orb.
     0 | D:1      | Reached XP level 1. HP: 14/14 MP: 1/1
    84 | D:1      | Slain by a gnoll

Illustrated notes

Levels and vault maps discovered:
D:1:      amcnicky_arrival_underground_garden, layout_loops_cross,
          hellmonk_ecumenical_altar_run_dry, hangedman_decor_peaks_small,
          minivault_11, minmay_misc_feat_pillars, minmay_tiny_reverse_x

Action                   || total
-------------------------++-------
Melee: Mace              ||     7
Invok: Berserk           ||     1
Armor: Animal skin       ||     2
Dodge: Dodged            ||     8

Table legend: (Time is in decaauts)
 A = Elapsed time spent in this place.
 B = Non-inter-level travel time spent in this place.
 C = Inter-level travel time spent in this place.
 D = Time resting spent in this place.
 E = Time spent auto-exploring this place.
 F = Levels seen in this place.
 G = Mean time per level.
                   A        B        C        D        E       F      G
               +--------+--------+--------+--------+--------+-----+--------+
         Total |     85 |     85 |      0 |      0 |     67 |   1 |   85.0 |
       Dungeon |     85 |     85 |      0 |      0 |     67 |   1 |   85.0 |
               +--------+--------+--------+--------+--------+-----+--------+

Top non-repeatable levels by time:
     D:1: 85 daAuts
